Map: Frost LE

Players

Reynor

  • Race: Zerg Zerg
  • League: Master

LiquidSnute (Snute) - Winner!

  • Race: Zerg Zerg

Event: DreamHack ZOWIE Open Valencia 2016

VOD

Have the link to the VOD?

Description

Time

  • Played on: July 16, 2016, 7:44 a.m.
  • Length: 9:34

All games in this series

Show
View Real Time Build Order
Export as new Build Order

Reynor Zerg 

Build Orders: Pool First 

Get SALT Encoding   

  12  0:01  Drone  
  13  0:13  Overlord  
  13  0:17  Drone  
  14  0:22  Extractor  
  14  0:23  Drone  
  15  0:31  Drone  
  16  0:38  Drone  
  16  0:39  Extractor  
  16  0:45  Drone  
  17  0:52  Spawning Pool  
  16  0:57  Drone  
  17  1:08  Drone  
  18  1:18  Drone  
  19  1:29  Hatchery  
  18  1:38  Queen  
  20  1:47  Metabolic Boost  
  20  1:52  Zergling x2  
  20  1:54  Overlord  
  21  1:58  Zergling x2  
  22  2:13  Drone  
  23  2:16  Queen  
  23  2:20  Drone  
  26  2:25  Zergling x2  
  27  2:35  Zergling x2  
  28  2:42  Queen  
  28  2:43  Zergling x2  
  31  2:47  Evolution Chamber, Drone, Overlord  
  31  2:51  Zergling x2  
  32  2:55  Drone  
  32  2:57  Zergling x2  
  34  2:59  Drone  
  34  3:03  Drone  
  36  3:11  Overlord  
  36  3:13  Drone  
  36  3:17  Zerg Melee Weapons Level 1  
  37  3:22  Drone  
  37  3:23  Drone  
  37  3:25  Drone  
  39  3:30  Zergling x2  
  39  3:31  Drone  
  38  3:35  Drone x2  
  38  3:38  Zergling x2  
  38  3:40  Zergling x2  
  41  3:43  Zergling x2  
  41  3:47  Spine Crawler  
  39  3:49  Zergling x2  
  39  3:50  Zergling x2  
  41  3:57  Zergling x2, Baneling Nest  
  41  4:00  Zergling x2  
  42  4:08  Drone  
  43  4:11  Zergling x8  
  47  4:20  Overlord  
  47  4:21  Drone x2  
  47  4:22  Drone  
  47  4:23  Drone  
  51  4:35  Drone  
  49  4:38  Drone  
  49  4:41  Zergling x6  
  52  4:46  Zergling x2  
  52  4:47  Zergling x2  
  52  4:51  Zergling x2  
  54  4:54  Drone x2  
  54  4:57  Zergling x2  
  54  4:59  Lair  
  56  5:04  Zergling x2, Baneling  
  54  5:07  Zergling x2  
  54  5:08  Zergling x2, Hatchery  
  54  5:09  Zergling x2  
  54  5:13  Extractor  
  54  5:15  Extractor  
  54  5:19  Spine Crawler  
  54  5:20  Zergling x4  
  55  5:21  Zergling x2  
  55  5:22  Zergling x2, Spine Crawler  
  55  5:25  Drone  
  55  5:27  Drone  
  57  5:32  Drone  
  57  5:34  Drone  
  59  5:37  Overlord  
  59  5:38  Zergling x2  
  59  5:41  Overlord  
  59  5:44  Zergling x2  
  59  5:45  Drone x2  
  59  5:47  Spine Crawler  
  59  5:48  Zergling x4  
  57  5:55  Zergling x2  
  58  5:57  Spine Crawler  
  58  5:59  Baneling x2  
  58  6:02  Zergling x2  
  58  6:08  Zergling x4, Baneling x3  
  58  6:10  Zergling x4  
  62  6:17  Zergling x6  
  65  6:18  Baneling x2  
  65  6:21  Zergling x2  
  65  6:22  Zergling x2  
  65  6:25  Zergling x2  
  67  6:32  Zergling x2  
  67  6:37  Zergling x4  
  61  6:41  Zergling x4  
  61  6:43  Zergling x4  
  58  6:48  Baneling x3  
  58  6:49  Zergling x4  
  58  6:50  Zergling x2  
  58  6:53  Queen  
  53  6:58  Zergling x4  
  47  7:03  Zergling x4  
  47  7:07  Zergling x2  
  49  7:13  Zergling x2  
  49  7:14  Baneling x2  
  45  7:18  Zergling x2  
  45  7:22  Zergling x4  
  39  7:32  Zergling x6  
  42  7:37  Drone x2  
  43  7:46  Spire  
  43  7:49  Zergling x4  
  45  7:51  Drone  
  45  8:03  Drone x3  
  45  8:04  Drone x2  
  50  8:13  Zergling x2  
  50  8:14  Zergling x6  
  53  8:26  Overlord  
  47  8:57  Mutalisk x6  
  47  8:58  Mutalisk x2  
  47  9:01  Mutalisk  
  65  9:09  Zergling x2  
  66  9:16  Zergling x2  
Show
View Real Time Build Order
Export as new Build Order

LiquidSnute Zerg - Winner!

Build Orders: Hatch First 

Get SALT Encoding   

  12  0:00  Drone  
  13  0:12  Overlord  
  13  0:16  Drone  
  14  0:30  Drone x2  
  14  0:34  Drone  
  17  0:52  Hatchery  
  17  0:54  Drone  
  17  1:07  Spawning Pool  
  17  1:10  Drone  
  17  1:14  Drone  
  17  1:16  Extractor  
  17  1:19  Drone  
  18  1:28  Drone  
  19  1:38  Overlord  
  19  1:49  Drone  
  19  1:54  Queen  
  20  2:00  Drone  
  23  2:03  Queen  
  23  2:04  Zergling x2  
  26  2:11  Drone  
  26  2:14  Drone  
  28  2:16  Metabolic Boost  
  28  2:21  Drone  
  29  2:26  Drone  
  30  2:33  Drone  
  30  2:36  Drone  
  32  2:42  Overlord  
  32  2:43  Queen  
  34  2:48  Drone  
  34  2:49  Baneling Nest  
  34  2:54  Drone  
  34  2:57  Drone  
  36  3:02  Drone x3  
  39  3:06  Drone  
  39  3:08  Drone  
  39  3:10  Overlord  
  39  3:12  Zergling x4  
  43  3:16  Evolution Chamber  
  42  3:26  Zergling x4  
  44  3:29  Zergling x2  
  43  3:34  Drone  
  43  3:35  Drone x3  
  43  3:36  Queen  
  43  3:41  Drone  
  50  3:43  Drone x2  
  50  3:48  Drone, Zerg Missile Weapons Level 1  
  52  3:55  Extractor  
  52  3:57  Baneling x2  
  52  4:02  Roach Warren  
  50  4:08  Hatchery  
  50  4:09  Drone  
  51  4:10  Drone  
  51  4:11  Drone  
  52  4:17  Overlord  
  52  4:18  Overlord  
  52  4:27  Overlord  
  51  4:35  Overlord  
  51  4:37  Zergling x12  
  55  4:48  Roach x2  
  55  4:50  Roach  
  61  4:55  Roach  
  61  4:57  Lair  
  62  5:01  Roach  
  62  5:03  Roach  
  65  5:08  Extractor  
  65  5:13  Roach x4  
  72  5:18  Roach x3  
  72  5:19  Overlord  
  78  5:26  Roach x2  
  80  5:32  Zergling x4  
  81  5:37  Baneling  
  81  5:38  Zergling x2, Baneling  
  81  5:39  Zergling x2  
  83  5:43  Zergling x4  
  83  5:44  Zergling x10  
  90  5:52  Zergling x6  
  90  5:54  Glial Reconstitution  
  93  6:05  Zergling x2  
  93  6:06  Zergling x8  
  93  6:09  Zergling x2  
  94  6:12  Queen x2  
  94  6:17  Baneling x3  
  94  6:18  Baneling x3  
  97  6:29  Baneling  
  97  6:30  Queen, Baneling x6  
  97  6:36  Baneling x2  
  95  6:43  Drone  
  95  6:44  Drone x3  
  83  6:48  Queen x2  
  83  6:50  Drone x2  
  83  6:51  Drone x2  
  83  6:53  Drone  
  89  6:56  Drone x2  
  89  6:57  Drone  
  89  7:00  Drone  
  90  7:04  Drone x2  
  92  7:09  Drone x2  
  92  7:13  Drone x5  
  91  7:16  Drone x2  
  93  7:24  Roach  
  93  7:25  Roach  
  89  7:32  Roach x2  
  93  7:38  Roach x2  
  96  7:44  Spore Crawler  
  96  7:47  Queen  
  97  7:54  Overlord  
  97  7:55  Overlord  
  97  7:56  Queen  
  97  7:57  Hatchery  
  98  8:08  Infestation Pit  
  98  8:10  Overlord x3  
  97  8:14  Roach  
  97  8:15  Roach x7  
  97  8:16  Overlord  
  97  8:18  Overlord  
  113  8:29  Extractor, Hydralisk Den  
  113  8:30  Extractor x2  
  113  8:32  Roach x5  
  119  8:34  Hatchery  
  119  8:39  Roach x3  
  119  8:40  Roach  
  122  8:49  Roach  
  122  8:50  Roach x4  
  131  8:55  Overlord  
  131  8:57  Roach  
  131  8:58  Roach x2  
  141  9:02  Roach  
  141  9:03  Roach  
  141  9:14  Roach x4  
  141  9:15  Roach  

Tags
 
Add a new tag
Caveats
  • Supply blocks, unpowered buildings, or Contaminate may cause inaccurate times.
  • Supply counts are checked every 10 seconds.